 Dungeon Crawl Stone Soup version 0.17.2-1-ge4368a0 (webtiles) character file.

383 magog001 the Sneak (level 6, 0/46 HPs)
             Began as a Vampire Assassin on Oct 20, 2016.
             Slain by Tobisume's ghost (6 damage)
             ... on level 4 of the Dungeon.
             The game lasted 00:28:33 (3548 turns).

magog001 the Sneak (Vampire Assassin)               Turns: 3548, Time: 00:28:33

Health: 0/46       AC:  5    Str:  8 (11) XL:     6   Next: 47%
Magic:  6/6        EV: 13    Int: 19      God:
Gold:   18         SH:  0    Dex: 16      Spells: 0 memorised, 5 levels left

rFire  + + .     SeeInvis +     a - +2 dagger
rCold  . . .     Clarity  .     x - +2 robe {rF+}
rNeg   + . .     SustAt   .     (no shield)
rPois  .         Gourm    .     (no helmet)
rElec  .         Spirit   .     d - +0 cloak
rCorr  .         Warding  .     (no gloves)
rMut   .         Stasis   .     (no boots)
MR     .....                    z - amulet of regeneration
Stlth  ++++......               e - ring of protection from fire
                                t - ring of flight

@: brilliant, not resistant to hostile enchantments, stealthy
A: fangs 3, see invisible, unbreathing
a: Bat Form, Evoke Flight


You were on level 4 of the Dungeon.
You were not thirsty.

You visited 1 branch of the dungeon, and saw 4 of its levels.

You collected 138 gold pieces.
You spent 120 gold pieces at shops.

Inventory:

Hand Weapons
 a - a +2 dagger (weapon)
 b - a +2 blowgun
Missiles
 f - 2 curare-tipped needles
 i - 29 arrows
 m - 4 tomahawks (quivered)
 u - 20 poisoned sling bullets
 A - 8 poisoned needles
Armour
 c - a +0 robe
 d - a +0 cloak (worn)
 x - a +2 robe of fire resistance (worn)
Jewellery
 e - a ring of protection from fire (right hand)
 t - a ring of flight (left hand)
 z - an amulet of regeneration (around neck)
Scrolls
 k - a scroll of identify
 y - a scroll of immolation
Potions
 g - 14 potions of blood
 h - 2 potions of magic
 j - a potion of heal wounds {unknown}
 p - a potion of haste


   Skills:
 * Level 2.7 Fighting
 + Level 2.7 Short Blades
 * Level 4.1 Throwing
 * Level 3.3 Dodging
 - Level 6.8 Stealth


You had 5 spell levels left.
You didn't know any spells.

Dungeon Overview and Level Annotations

Branches:
Dungeon (4/15)
 Temple: D:4-7

Altars:

Shops:
D:4 *

Annotations:
D:3 Grinder; Tobisume's ghost, amateur KoFi
D:4 Tobisume's ghost, amateur KoFi


Innate Abilities, Weirdness & Mutations

You have razor-sharp teeth.
You have supernaturally acute eyesight.
You can survive without breathing.


Message History

You fade into invisibility!
Tobisume's ghost misses you.
You are very lightly contaminated with residual magic.
Tobisume's ghost closely misses you.
Tobisume's ghost whispers, "The ORB doesn't exist."
Drink which item? (? for menu, Esc to quit)
It was a potion of cancellation.
Your magical effects are unravelling.
Your magical contamination has completely faded away.
You feel magically purged.
You flicker back into view.
You feel a little less agile now.
Drink which item? (? for menu, Esc to quit)
It was a potion of degeneration.
There was something very wrong with that liquid.
You feel weakened.
Drink which item? (? for menu, Esc to quit)
It was a potion of brilliance.
You feel clever all of a sudden. Tobisume's ghost hits you.
You die...

#.###########.##.##.#
#.#.##.# #.# #.......#
#......# ##.# #.......#
##...### ...# ##..###.#
#...# #### #..# #.#
#...# .## #..###.#
#...# ..## #......#
#...# # ...##
######.#######...####
....#
###...@W...............
...##
..#.#.#................
..## #.#
#..#............... ###
#.# #......###.#...#.#.
# #.#.#..##..#
#.#...#.#. #
#.#........# #.#...#.#.
# #.####.#####
#.#...#.#.
#######.####.#
#.#...#.#.
#####.....#......#
#....รท..##


You could see Tobisume's ghost.

Vanquished Creatures
  A sky beast (D:4)
  A phantom (D:4)
  A hound (D:4)
  11 adders
  A gnoll (D:1)
  An ooze (D:2)
  3 giant geckos (D:2)
  An orc (D:3)
  4 giant cockroaches
  5 goblins
  8 hobgoblins
  8 kobolds
  2 quokkas
  3 bats
  4 giant newts
  8 jackals
  5 rats
67 creatures vanquished.

Notes
Turn   | Place    | Note
--------------------------------------------------------------
     0 | D:1      | magog001 the Vampire Assassin began the quest for the Orb.
     0 | D:1      | Reached XP level 1. HP: 16/16 MP: 1/1
   158 | D:1      | Reached skill level 6 in Stealth
   320 | D:1      | Reached XP level 2. HP: 22/22 MP: 2/2
   863 | D:1      | Reached XP level 3. HP: 27/27 MP: 3/3
  1422 | D:2      | Reached XP level 4. HP: 23/33 MP: 4/4
  1561 | D:2      | Found a faded altar to an unknown god.
  2249 | D:3      | Noticed Grinder
  2525 | D:3      | Reached XP level 5. HP: 36/39 MP: 5/5
  2628 | D:3      | Noticed Tobisume's ghost (amateur KoFi)
  2983 | D:3      | Paralysed by Grinder for 4 turns
  2989 | D:3      | Paralysed by Grinder for 6 turns
  3108 | D:4      | Noticed a sky beast
  3119 | D:4      | Killed a sky beast
  3130 | D:4      | Noticed a phantom
  3149 | D:4      | Killed a phantom
  3149 | D:4      | Reached XP level 6. HP: 46/46 MP: 6/6
  3294 | D:4      | Found Moegen's Assorted Antiques.
  3340 | D:4      | Bought a sapphire potion for 24 gold pieces
  3340 | D:4      | Bought a scroll of identify for 54 gold pieces
  3340 | D:4      | Bought an amethyst potion for 24 gold pieces
  3340 | D:4      | Bought a runed robe for 18 gold pieces
  3533 | D:4      | HP: 1/46 [Tobisume's ghost (7)]
  3539 | D:4      | HP: 1/46 [Tobisume's ghost (9)]
  3548 | D:4      | Slain by Tobisume's ghost

Action                   |  1- 3 |  4- 6 || total
-------------------------+-------+-------++-------
Melee: Dagger            |    27 |    56 ||    83
 Fire: Blowgun           |    48 |    60 ||   108
Throw: Tomahawk          |     5 |     3 ||     8
  Use: Potion            |     1 |    15 ||    16
       Scroll            |       |    11 ||    11
 Stab: Sleeping          |    14 |    20 ||    34
       Distracted        |       |     1 ||     1
